Panthers vs Stars
Created - March 28, 2024 at 20:43
Goals
|
| Panthers |
1 |
2 |
1 |
0 |
4 |
| Stars |
0 |
3 |
1 |
1 |
5 |
|
Shots
|
| Panthers |
8 |
12 |
8 |
1 |
29 |
| Stars |
12 |
14 |
7 |
3 |
36 |
|
1st period
1. Panthers , Alex Pietrangelo 15 (Matt Duchene 64) at 13:20 (PP)
Penalties :
Mikkel Boedker (Flo) for Hooking (Minor) at 6:05, Alex Pietrangelo (Flo) for Tripping (Minor) at 9:03, Paul Ladue (Dal) for Charging (Minor) at 12:11, Petr Straka (Flo) for Roughing (Minor) at 19:06
2nd period
2. Panthers , Miro Aaltonen 23 (Victor Oreskovich 13, Kirill Kaprizov 18) at 3:57 (PP)
3. Stars , Michael Grabner 26 (Jake Guentzel 32, Sidney Crosby 56) at 6:29
4. Panthers , Miro Aaltonen 24 (Alex Iafallo 22, Alex Pietrangelo 52) at 7:03
5. Stars , Alex Chiasson 14 (Evgeny Grachev 28, Guillaume Latendresse 21) at 15:42
6. Stars , Guillaume Latendresse 15 (Alex Chiasson 24, Evgeny Grachev 29) at 18:26
Penalties :
Boris Valabik (Dal) for Slashing (Minor) at 2:33, Brian Lee (Dal) for Hooking (Minor) at 2:46, Boris Valabik (Dal) for Holding (Minor) at 7:47, Mikkel Boedker (Flo) for Roughing (Minor) at 19:04
3rd period
7. Stars , Alex Chiasson 15 (Guillaume Latendresse 22, Evgeny Grachev 30) at 5:15
8. Panthers , Blake Geoffrion 9 (Dion Phaneuf 12) at 12:39
Penalties :
Cam Atkinson (Dal) for Hooking (Minor) at 15:26
Overtime #1
9. Stars , Evgeny Grachev 25 (Alex Chiasson 25) at 4:44
Penalties :
No Penalty
Goalie Stats
Ville Husso (Flo), 31 saves from 36 shots - (0.861), OTL, 24-13-3, 64:44 minutes
Matt Murray (Dal), 25 saves from 29 shots - (0.862), W, 23-19-5, 64:44 minutes
Players Stats for Panthers
Player Name G A P +/- PIM S H SB GA TA FO MP PP MP PK MP
------------------------------------------------------------------------------------
Alex Iafallo 0 1 1 -1 0 0 1 1 0 0 0/0 17:17 0:00 2:52
Alex Pietrangelo 1 1 2 -1 2 4 1 1 2 1 0/0 29:53 5:03 3:45
Blake Geoffrion 1 0 1 1 0 2 0 0 1 0 1/1 8:28 0:00 0:09
Dion Phaneuf 0 1 1 0 0 1 3 1 2 3 0/0 23:04 2:16 3:30
Griffin Reinhart 0 0 0 0 0 1 0 1 0 0 0/0 18:52 5:03 0:41
Jerry D'Amigo 0 0 0 1 0 1 1 0 0 0 0/0 8:33 0:00 0:00
Jordan Staal 0 0 0 0 0 1 0 0 1 0 5/8 10:46 0:00 0:20
Kirill Kaprizov 0 1 1 0 0 1 0 0 0 0 0/0 12:38 3:16 0:00
Kris Versteeg 0 0 0 -4 0 3 1 1 1 0 0/4 26:04 4:03 4:55
Matt Duchene 0 1 1 -3 0 2 0 0 0 0 16/27 21:08 4:03 0:00
Mikkel Boedker 0 0 0 -3 4 7 2 0 2 0 2/2 19:28 4:03 0:00
Miro Aaltonen 2 0 2 0 0 4 1 1 1 0 7/14 19:35 3:16 2:41
Nikita Tryamkin 0 0 0 -2 0 0 0 1 0 0 0/0 11:43 0:00 0:41
Niklas Hansson 0 0 0 0 0 0 0 0 0 1 0/0 26:57 2:16 5:03
Petr Straka 0 0 0 0 2 0 3 0 0 0 0/0 8:36 0:00 0:00
Quinton Howden 0 0 0 1 0 1 0 0 0 1 4/12 13:30 0:00 4:55
Ryan O'Byrne 0 0 0 -2 0 1 1 3 0 0 0/0 14:51 0:00 2:12
Victor Oreskovich 0 1 1 0 0 0 0 0 0 0 1/1 14:49 3:16 0:00
Players Stats for Stars
Player Name G A P +/- PIM S H SB GA TA FO MP PP MP PK MP
------------------------------------------------------------------------------------
Adam Tambellini 0 0 0 0 0 2 0 0 0 0 0/0 7:56 0:00 0:51
Alex Chiasson 2 2 4 3 0 3 1 1 0 0 1/1 18:39 3:02 0:51
Anton Cederholm 0 0 0 -1 0 0 0 0 0 1 0/0 12:59 0:00 0:41
Ben Chiarot 0 0 0 3 0 0 2 0 0 1 0/0 19:22 3:55 1:35
Boris Valabik 0 0 0 0 4 2 2 2 0 0 0/0 28:53 4:01 2:47
Brian Lee 0 0 0 3 2 0 3 0 0 0 0/0 21:14 3:55 3:46
Cam Atkinson 0 0 0 -1 2 2 0 0 0 0 0/0 9:34 0:00 0:00
Evgeny Grachev 1 3 4 3 0 1 0 0 0 0 9/13 19:34 3:02 1:56
Evgeny Kuznetsov 0 0 0 -1 0 0 0 0 1 0 2/7 9:34 0:00 0:00
Guillaume Latendresse 1 2 3 2 0 7 0 0 0 1 0/2 20:22 3:02 1:33
Henrik Borgstrom 0 0 0 0 0 1 2 0 0 0 1/2 6:55 0:00 0:00
Jake Guentzel 0 1 1 1 0 6 1 0 0 0 3/3 24:25 4:54 3:44
Michael Grabner 1 0 1 1 0 3 2 0 0 1 1/3 20:18 4:54 0:00
Paul Ladue 0 0 0 1 2 3 3 0 0 1 0/0 28:34 4:01 4:08
Scott Kosmachuck 0 0 0 0 0 2 1 1 4 0 0/0 6:55 0:00 0:00
Sidney Crosby 0 1 1 1 0 2 3 0 1 1 15/37 25:06 4:54 4:32
Tobias Rieder 0 0 0 -1 0 1 1 0 0 0 1/1 10:45 0:00 0:00
Tyler Wotherspoon 0 0 0 -1 0 1 0 0 0 4 0/0 14:32 0:00 1:40
3 Stars
1 - Alex Chiasson (Dal)
2 - Evgeny Grachev (Dal)
3 - Guillaume Latendresse (Dal)
Power Play
Panthers - 2 on 5 Attempt(s) - 40.00%
Stars - 0 on 4 Attempt(s) - 0.00%
Penalty Kill
Panthers - 4 on 4 Attempt(s) - 100.00%
- Score 0 goal in Penalty Kill
Stars - 3 on 5 Attempt(s) - 60.00%
- Score 0 goal in Penalty Kill
Team Stat
Panthers - Hits : 14 - Faceoff Wins : 36 - Blocked Shots : 10 - Penalty Minutes : 8
Stars - Hits : 21 - Faceoff Wins : 33 - Blocked Shots : 4 - Penalty Minutes : 10
Official
Referees : Steve Kozari and Jon McIsaac
Linesman : Ryan Daisy and Devin Berg
Game Notes
No Game Note
Finance
Level 1 -- Attendance: 6000 (100.00%) -- Ticket Income $600,000
Level 2 -- Attendance: 5000 (100.00%) -- Ticket Income $300,000
Level 3 -- Attendance: 2000 (100.00%) -- Ticket Income $70,000
Level 4 -- Attendance: 3556 (88.90%) -- Ticket Income $88,900
Luxury Box -- Attendance: 982 (98.20%) -- Ticket Income $196,400
Game was played at the American Airlines Center.
Total Attendance: 17538 (97.43%)
Total Ticket Income: $1,255,300
Other Income: $188,295
Total Income: $1,443,595
Panthers
5 vs 5 Forward
Center Left Wing Right Wing Time % Phy DF OF
1 Matt Duchene Mikkel Boedker Kris Versteeg 40 0 2 3
2 Miro Aaltonen Alex Iafallo Victor Oreskovich 30 0 2 3
3 Jordan Staal Kirill Kaprizov Petr Straka 20 1 2 2
4 Quinton Howden Blake Geoffrion Jerry D'Amigo 10 1 2 2
5 vs 5 Defense
Defense Defense Time % Phy DF OF
1 Alex Pietrangelo Niklas Hansson 40 0 2 3
2 Dion Phaneuf Griffin Reinhart 30 0 2 3
3 Ryan O'Byrne Nikita Tryamkin 20 1 2 2
4 Alex Pietrangelo Niklas Hansson 10 0 2 3
PowerPlay Forward
Center Left Wing Right Wing Time % Phy DF OF
1 Matt Duchene Mikkel Boedker Kris Versteeg 60 0 1 4
2 Miro Aaltonen Kirill Kaprizov Victor Oreskovich 40 0 1 4
PowerPlay Defense
Defense Defense Time % Phy DF OF
1 Alex Pietrangelo Griffin Reinhart 60 0 2 3
2 Dion Phaneuf Niklas Hansson 40 0 2 3
Penalty Kill 4 Players Forward
Center Wing Time % Phy DF OF
1 Quinton Howden Kris Versteeg 60 1 3 1
2 Miro Aaltonen Alex Iafallo 40 1 3 1
Penalty Kill 4 Players Defense
Defense Defense Time % Phy DF OF
1 Alex Pietrangelo Niklas Hansson 60 1 3 1
2 Dion Phaneuf Ryan O'Byrne 40 1 3 1
Penalty Kill - 3 Players Forward
Forward Time % Phy DF OF
1 Kris Versteeg 60 1 3 1
2 Quinton Howden 40 1 3 1
Penalty Kill - 3 Players Defense
Defense Defense Time % Phy DF OF
1 Alex Pietrangelo Niklas Hansson 60 1 3 1
2 Dion Phaneuf Ryan O'Byrne 40 1 3 1
4 vs 4 Forward
Center Wing Time % Phy DF OF
1 Matt Duchene Mikkel Boedker 60 0 2 3
2 Miro Aaltonen Kris Versteeg 40 0 2 3
4 vs 4 Defense
Defense Defense Time % Phy DF OF
1 Alex Pietrangelo Niklas Hansson 60 0 2 3
2 Dion Phaneuf Griffin Reinhart 40 1 2 2
Last Minutes Offensive
Center Left Wing Right Wing Defense Defense
Matt Duchene Mikkel Boedker Kris Versteeg Alex Pietrangelo Griffin Reinhart
Last Minutes Defensive
Center Left Wing Right Wing Defense Defense
Quinton Howden Alex Iafallo Kris Versteeg Ryan O'Byrne Niklas Hansson
Goaltenders
Starting : Ville Husso
Backup : Brian Elliott
Extra Forwards
Normal : Kirill Kaprizov, Mikkel Boedker, Matt Duchene - PP : Kirill Kaprizov, Matt Duchene - PK : Miro Aaltonen
Extra Defensemen
Normal : Dion Phaneuf, Alex Pietrangelo, Niklas Hansson - PP : Alex Pietrangelo - PK : Dion Phaneuf, Niklas Hansson
Penalty Shots
Mikkel Boedker, Jordan Staal, Miro Aaltonen, Kris Versteeg, Matt Duchene
Custom OT Lines Forwards
Matt Duchene, Kris Versteeg, Alex Iafallo, Jordan Staal, Miro Aaltonen, Quinton Howden, Blake Geoffrion, Mikkel Boedker, Kirill Kaprizov, Petr Straka
Custom OT Lines Defensemen
Alex Pietrangelo, Dion Phaneuf, Niklas Hansson, Ryan O'Byrne, Griffin Reinhart
Scratches
Danny DeKeiser (Chest/Ribs Injury)
Stars
5 vs 5 Forward
Center Left Wing Right Wing Time % Phy DF OF
1 Sidney Crosby Jake Guentzel Michael Grabner 40 1 2 2
2 Evgeny Grachev Guillaume Latendresse Alex Chiasson 30 1 2 2
3 Evgeny Kuznetsov Tobias Rieder Cam Atkinson 20 1 2 2
4 Henrik Borgstrom Adam Tambellini Scott Kosmachuck 10 1 2 2
5 vs 5 Defense
Defense Defense Time % Phy DF OF
1 Boris Valabik Paul Ladue 40 1 2 2
2 Ben Chiarot Brian Lee 30 1 2 2
3 Tyler Wotherspoon Anton Cederholm 20 1 2 2
4 Boris Valabik Paul Ladue 10 1 2 2
PowerPlay Forward
Center Left Wing Right Wing Time % Phy DF OF
1 Sidney Crosby Jake Guentzel Michael Grabner 60 1 2 2
2 Evgeny Grachev Guillaume Latendresse Alex Chiasson 40 1 2 2
PowerPlay Defense
Defense Defense Time % Phy DF OF
1 Boris Valabik Paul Ladue 60 1 2 2
2 Ben Chiarot Brian Lee 40 1 2 2
Penalty Kill 4 Players Forward
Center Wing Time % Phy DF OF
1 Sidney Crosby Jake Guentzel 60 1 2 2
2 Evgeny Grachev Guillaume Latendresse 40 1 2 2
Penalty Kill 4 Players Defense
Defense Defense Time % Phy DF OF
1 Boris Valabik Paul Ladue 60 1 2 2
2 Ben Chiarot Brian Lee 40 1 2 2
Penalty Kill - 3 Players Forward
Forward Time % Phy DF OF
1 Sidney Crosby 60 1 2 2
2 Evgeny Grachev 40 1 2 2
Penalty Kill - 3 Players Defense
Defense Defense Time % Phy DF OF
1 Boris Valabik Paul Ladue 60 1 2 2
2 Ben Chiarot Brian Lee 40 1 2 2
4 vs 4 Forward
Center Wing Time % Phy DF OF
1 Sidney Crosby Jake Guentzel 60 1 2 2
2 Evgeny Grachev Guillaume Latendresse 40 1 2 2
4 vs 4 Defense
Defense Defense Time % Phy DF OF
1 Boris Valabik Paul Ladue 60 1 2 2
2 Ben Chiarot Brian Lee 40 1 2 2
Last Minutes Offensive
Center Left Wing Right Wing Defense Defense
Sidney Crosby Jake Guentzel Michael Grabner Boris Valabik Paul Ladue
Last Minutes Defensive
Center Left Wing Right Wing Defense Defense
Sidney Crosby Jake Guentzel Michael Grabner Boris Valabik Paul Ladue
Goaltenders
Starting : Matt Murray
Backup : Jhonas Enroth
Extra Forwards
Normal : Alex Chiasson, Tobias Rieder, Evgeny Grachev - PP : Alex Chiasson, Tobias Rieder - PK : Alex Chiasson
Extra Defensemen
Normal : Brian Lee, Tyler Wotherspoon, Anton Cederholm - PP : Brian Lee - PK : Brian Lee, Tyler Wotherspoon
Penalty Shots
Sidney Crosby, Michael Grabner, Jake Guentzel, Guillaume Latendresse, Alex Chiasson
Custom OT Lines Forwards
Sidney Crosby, Michael Grabner, Jake Guentzel, Guillaume Latendresse, Alex Chiasson, Tobias Rieder, Evgeny Grachev, Cam Atkinson, Scott Kosmachuck, Evgeny Kuznetsov
Custom OT Lines Defensemen
Boris Valabik, Paul Ladue, Ben Chiarot, Brian Lee, Tyler Wotherspoon
Scratches
Andrej Sustr (Groin Injury), Andrew Ladd (Sprained Right Ankle Injury), Wiley Sherman (Healthy)
% Time on Ice - Panthers
Lines # - Real PCT - Wanted PCT - Time Play
Normal Forward
1 - 35% - 40% - 15:48
2 - 29% - 30% - 12:55
3 - 19% - 20% - 8:18
4 - 17% - 10% - 7:44
Normal Defense
1 - 41% - 40% - 18:23
2 - 34% - 30% - 15:02
3 - 25% - 20% - 11:02
4 - 1% - 10% - 0:18
PP Forward
1 - 55% - 60% - 4:03
2 - 45% - 40% - 3:16
PP Defense
1 - 69% - 60% - 5:03
2 - 31% - 40% - 2:16
PK Forward
1 - 69% - 60% - 5:30
2 - 31% - 40% - 2:26
PK Defense
1 - 72% - 60% - 5:44
2 - 28% - 40% - 2:12
PK3 Forward
1 - 0% - 60%
2 - 0% - 40%
PK3 Defense
1 - 0% - 60%
2 - 0% - 40%
44 Forward
1 - 0% - 60%
2 - 0% - 40%
44 Defense
1 - 0% - 60%
2 - 0% - 40%
Last Minute Offensive - 0:00
Last Minute Defensive - 0:00
Total
Forward - 60:00
Defense - 60:00
|
% Time on Ice - Stars
Lines # - Real PCT - Wanted PCT - Time Play
Normal Forward
1 - 32% - 40% - 14:18
2 - 31% - 30% - 13:58
3 - 21% - 20% - 9:34
4 - 15% - 10% - 6:55
Normal Defense
1 - 39% - 40% - 17:30
2 - 31% - 30% - 13:41
3 - 26% - 20% - 11:50
4 - 4% - 10% - 1:44
PP Forward
1 - 62% - 60% - 4:54
2 - 38% - 40% - 3:02
PP Defense
1 - 51% - 60% - 4:01
2 - 49% - 40% - 3:55
PK Forward
1 - 75% - 60% - 4:35
2 - 25% - 40% - 1:33
PK Defense
1 - 78% - 60% - 4:47
2 - 22% - 40% - 1:21
PK3 Forward
1 - 68% - 60% - 0:48
2 - 32% - 40% - 0:23
PK3 Defense
1 - 80% - 60% - 0:57
2 - 20% - 40% - 0:14
44 Forward
1 - 0% - 60%
2 - 0% - 40%
44 Defense
1 - 0% - 60%
2 - 0% - 40%
Last Minute Offensive - 0:00
Last Minute Defensive - 0:00
Total
Forward - 60:00
Defense - 60:00
|
Play-by-Play
1st period
0:01 of 1st period - Sidney Crosby wins face-off versus Matt Duchene in neutral zone.
0:08 of 1st period - Snap shot by Jake Guentzel.
0:08 of 1st period - Shot Misses the Net.
2:16 of 1st period - Wrist shot by Cam Atkinson.
2:16 of 1st period - Deflect By Tobias Rieder.
2:16 of 1st period - Stopped by Ville Husso without a rebound.
2:17 of 1st period - Matt Duchene wins face-off versus Evgeny Kuznetsov in Panthers zone.
2:22 of 1st period - Wrist shot by Kris Versteeg.
2:22 of 1st period - Stopped by Matt Murray without a rebound.
2:23 of 1st period - Matt Duchene wins face-off versus Sidney Crosby in Stars zone.
2:35 of 1st period - Icing by Ryan O'Byrne.
2:36 of 1st period - Mikkel Boedker wins face-off versus Guillaume Latendresse in Panthers zone.
2:45 of 1st period - Slapshot by Mikkel Boedker.
2:45 of 1st period - Stopped by Matt Murray without a rebound.
2:46 of 1st period - Miro Aaltonen wins face-off versus Evgeny Grachev in Stars zone.
2:59 of 1st period - Wrist shot by Guillaume Latendresse.
2:59 of 1st period - Stopped by Ville Husso without a rebound.
3:00 of 1st period - Jordan Staal wins face-off versus Sidney Crosby in Panthers zone.
3:15 of 1st period - Snap shot by Jordan Staal.
3:15 of 1st period - Stopped by Matt Murray with a rebound.
3:17 of 1st period - Slapshot by Kirill Kaprizov.
3:17 of 1st period - Deflect By Michael Grabner.
3:17 of 1st period - Shot Misses the Net.
3:17 of 1st period - Puck is out of play.
3:18 of 1st period - Evgeny Kuznetsov wins face-off versus Matt Duchene in Stars zone.
3:53 of 1st period - Slapshot by Alex Iafallo.
3:53 of 1st period - Deflect By Boris Valabik.
3:53 of 1st period - Shot Blocked by Boris Valabik.
3:53 of 1st period - Puck is out of play.
3:54 of 1st period - Evgeny Grachev wins face-off versus Quinton Howden in Stars zone.
4:44 of 1st period - Nikita Tryamkin is hit by Sidney Crosby and loses puck.
5:55 of 1st period - Wrist shot by Adam Tambellini.
5:55 of 1st period - Stopped by Ville Husso with a rebound.
5:57 of 1st period - Snap shot by Scott Kosmachuck.
5:57 of 1st period - Shot Misses the Net.
6:05 of 1st period - Minor Penalty to Mikkel Boedker for Hooking.
6:06 of 1st period - Sidney Crosby wins face-off versus Quinton Howden in Panthers zone.
6:17 of 1st period - Wrist shot by Jake Guentzel.
6:17 of 1st period - Shot Misses the Net.
6:19 of 1st period - Snap shot by Jake Guentzel.
6:19 of 1st period - Shot Blocked by Kris Versteeg.
7:05 of 1st period - Kris Versteeg is hit by Alex Chiasson and loses puck.
7:16 of 1st period - Jake Guentzel is hit by Dion Phaneuf and loses puck.
8:05 of 1st period - Penalty to Mikkel Boedker is over, Mikkel Boedker is back on ice.
8:21 of 1st period - Miro Aaltonen is hit by Paul Ladue and loses puck.
8:26 of 1st period - Backhand shot by Cam Atkinson.
8:26 of 1st period - Stopped by Ville Husso with a rebound.
8:28 of 1st period - Snap shot by Tobias Rieder.
8:28 of 1st period - Shot Blocked by Miro Aaltonen.
8:30 of 1st period - Slapshot by Paul Ladue.
8:30 of 1st period - Shot Misses the Net.
8:48 of 1st period - Icing by Ben Chiarot.
8:49 of 1st period - Henrik Borgstrom wins face-off versus Jordan Staal in Stars zone.
9:03 of 1st period - Minor Penalty to Alex Pietrangelo for Tripping.
9:04 of 1st period - Sidney Crosby wins face-off versus Quinton Howden in Panthers zone.
9:08 of 1st period - Wrist shot by Sidney Crosby.
9:08 of 1st period - Stopped by Ville Husso without a rebound.
9:09 of 1st period - Quinton Howden wins face-off versus Sidney Crosby in Panthers zone.
9:26 of 1st period - Wrist shot by Quinton Howden.
9:26 of 1st period - Shot Misses the Net.
10:06 of 1st period - Snap shot by Michael Grabner.
10:06 of 1st period - Shot Misses the Net.
10:46 of 1st period - Slapshot by Jake Guentzel.
10:46 of 1st period - Shot Blocked by Griffin Reinhart.
10:48 of 1st period - Snap shot by Michael Grabner.
10:48 of 1st period - Shot Misses the Net.
10:50 of 1st period - Backhand shot by Jake Guentzel.
10:50 of 1st period - Shot Misses the Net.
10:52 of 1st period - Wrist shot by Michael Grabner.
10:52 of 1st period - Deflect By Quinton Howden.
10:52 of 1st period - Shot Misses the Net.
10:52 of 1st period - Puck is out of play.
10:53 of 1st period - Evgeny Grachev wins face-off versus Miro Aaltonen in Panthers zone.
11:00 of 1st period - Snap shot by Alex Chiasson.
11:00 of 1st period - Stopped by Ville Husso with a rebound.
11:02 of 1st period - Slapshot by Paul Ladue.
11:02 of 1st period - Deflect By Niklas Hansson.
11:02 of 1st period - Stopped by Ville Husso with a rebound.
11:03 of 1st period - Penalty to Alex Pietrangelo is over, Alex Pietrangelo is back on ice.
11:20 of 1st period - Niklas Hansson is hit by Henrik Borgstrom and loses puck.
11:55 of 1st period - Wrist shot by Kirill Kaprizov.
11:55 of 1st period - Stopped by Matt Murray without a rebound.
11:56 of 1st period - Evgeny Grachev wins face-off versus Matt Duchene in Stars zone.
11:56 of 1st period - Evgeny Grachev is hit by Mikkel Boedker.
12:11 of 1st period - Minor Penalty to Paul Ladue for Charging.
12:12 of 1st period - Jake Guentzel wins face-off versus Kris Versteeg in Stars zone.
12:32 of 1st period - Slapshot by Alex Pietrangelo.
12:32 of 1st period - Stopped by Matt Murray without a rebound.
12:33 of 1st period - Victor Oreskovich wins face-off versus Sidney Crosby in Stars zone.
12:48 of 1st period - Wrist shot by Victor Oreskovich.
12:48 of 1st period - Shot Misses the Net.
13:09 of 1st period - Off-side.
13:10 of 1st period - Matt Duchene wins face-off versus Evgeny Grachev in neutral zone.
13:20 of 1st period - Slapshot by Alex Pietrangelo.
13:20 of 1st period - Goal by Alex Pietrangelo - Panthers : 1 - Stars : 0.
13:21 of 1st period - Sidney Crosby wins face-off versus Matt Duchene in neutral zone.
13:27 of 1st period - Icing by Niklas Hansson.
13:28 of 1st period - Matt Duchene wins face-off versus Sidney Crosby in Panthers zone.
13:43 of 1st period - Snap shot by Sidney Crosby.
13:43 of 1st period - Stopped by Ville Husso without a rebound.
13:44 of 1st period - Evgeny Grachev wins face-off versus Miro Aaltonen in Panthers zone.
14:13 of 1st period - Matt Duchene is hit by Michael Grabner and loses puck.
14:55 of 1st period - Wrist shot by Sidney Crosby.
14:55 of 1st period - Shot Misses the Net.
14:57 of 1st period - Backhand shot by Paul Ladue.
14:57 of 1st period - Stopped by Ville Husso with a rebound.
14:59 of 1st period - Slapshot by Paul Ladue.
14:59 of 1st period - Stopped by Ville Husso without a rebound.
15:00 of 1st period - Evgeny Grachev wins face-off versus Miro Aaltonen in Panthers zone.
15:01 of 1st period - Slapshot by Guillaume Latendresse.
15:01 of 1st period - Stopped by Ville Husso with a rebound.
15:32 of 1st period - Wrist shot by Miro Aaltonen.
15:32 of 1st period - Shot Blocked by Alex Chiasson.
16:00 of 1st period - Slapshot by Miro Aaltonen.
16:00 of 1st period - Stopped by Matt Murray without a rebound.
16:01 of 1st period - Jordan Staal wins face-off versus Sidney Crosby in Stars zone.
16:28 of 1st period - Kris Versteeg is hit by Tobias Rieder and loses puck.
16:59 of 1st period - Slapshot by Boris Valabik.
16:59 of 1st period - Shot Blocked by Ryan O'Byrne.
17:01 of 1st period - Slapshot by Boris Valabik.
17:01 of 1st period - Shot Misses the Net.
19:00 of 1st period - Wrist shot by Mikkel Boedker.
19:00 of 1st period - Stopped by Matt Murray without a rebound.
19:01 of 1st period - Sidney Crosby wins face-off versus Jordan Staal in Stars zone.
19:01 of 1st period - Sidney Crosby is hit by Petr Straka.
19:06 of 1st period - Minor Penalty to Petr Straka for Roughing.
19:07 of 1st period - Sidney Crosby wins face-off versus Quinton Howden in Panthers zone.
19:11 of 1st period - Wrist shot by Jake Guentzel.
19:11 of 1st period - Stopped by Ville Husso with a rebound.
19:39 of 1st period - Slapshot by Brian Lee.
19:39 of 1st period - Shot Blocked by Alex Iafallo.
Goals for this period are 1 for Panthers vs 0 for Stars.
Shots for this period are 8 for Panthers vs 12 for Stars.
2nd period
0:01 of 2nd period - Quinton Howden wins face-off versus Sidney Crosby in neutral zone.
0:11 of 2nd period - Wrist shot by Jake Guentzel.
0:11 of 2nd period - Stopped by Ville Husso with a rebound.
0:13 of 2nd period - Wrist shot by Boris Valabik.
0:13 of 2nd period - Shot Misses the Net.
1:06 of 2nd period - Penalty to Petr Straka is over, Petr Straka is back on ice.
1:12 of 2nd period - Snap shot by Tobias Rieder.
1:12 of 2nd period - Shot Hit the Post.
1:55 of 2nd period - Icing by Scott Kosmachuck.
1:56 of 2nd period - Miro Aaltonen wins face-off versus Henrik Borgstrom in Stars zone.
2:05 of 2nd period - Wrist shot by Alex Iafallo.
2:05 of 2nd period - Deflect By Miro Aaltonen.
2:05 of 2nd period - Shot Misses the Net.
2:05 of 2nd period - Puck is out of play.
2:06 of 2nd period - Miro Aaltonen wins face-off versus Sidney Crosby in Stars zone.
2:20 of 2nd period - Snap shot by Sidney Crosby.
2:20 of 2nd period - Shot Misses the Net.
2:33 of 2nd period - Minor Penalty to Boris Valabik for Slashing.
2:34 of 2nd period - Matt Duchene wins face-off versus Sidney Crosby in Stars zone.
2:44 of 2nd period - Slapshot by Mikkel Boedker.
2:44 of 2nd period - Shot Misses the Net.
2:46 of 2nd period - Minor Penalty to Brian Lee for Hooking.
2:47 of 2nd period - Matt Duchene wins face-off versus Sidney Crosby in Stars zone.
3:19 of 2nd period - Off-side.
3:20 of 2nd period - Sidney Crosby wins face-off versus Miro Aaltonen in neutral zone.
3:43 of 2nd period - Wrist shot by Miro Aaltonen.
3:43 of 2nd period - Stopped by Matt Murray without a rebound.
3:44 of 2nd period - Miro Aaltonen wins face-off versus Evgeny Grachev in Stars zone.
3:57 of 2nd period - Slapshot by Miro Aaltonen.
3:57 of 2nd period - Goal by Miro Aaltonen - Panthers : 2 - Stars : 0.
3:58 of 2nd period - Jake Guentzel wins face-off versus Matt Duchene in neutral zone.
4:01 of 2nd period - Backhand shot by Boris Valabik.
4:01 of 2nd period - Deflect By Alex Pietrangelo.
4:01 of 2nd period - Stopped by Ville Husso with a rebound.
4:42 of 2nd period - Slapshot by Alex Pietrangelo.
4:42 of 2nd period - Shot Misses the Net.
4:44 of 2nd period - Wrist shot by Victor Oreskovich.
4:44 of 2nd period - Deflect By Kirill Kaprizov.
4:44 of 2nd period - Shot Misses the Net.
4:44 of 2nd period - Puck is out of play.
4:45 of 2nd period - Miro Aaltonen wins face-off versus Sidney Crosby in Stars zone.
4:46 of 2nd period - Penalty to Brian Lee is over, Brian Lee is back on ice.
5:06 of 2nd period - Sidney Crosby is hit by Miro Aaltonen and loses puck.
5:19 of 2nd period - Snap shot by Guillaume Latendresse.
5:19 of 2nd period - Stopped by Ville Husso without a rebound.
5:20 of 2nd period - Evgeny Grachev wins face-off versus Quinton Howden in Panthers zone.
5:21 of 2nd period - Slapshot by Alex Chiasson.
5:21 of 2nd period - Shot Blocked by Ryan O'Byrne.
5:41 of 2nd period - Wrist shot by Ryan O'Byrne.
5:41 of 2nd period - Stopped by Matt Murray with a rebound.
5:43 of 2nd period - Snap shot by Quinton Howden.
5:43 of 2nd period - Shot Misses the Net.
6:05 of 2nd period - Wrist shot by Quinton Howden.
6:05 of 2nd period - Shot Blocked by Boris Valabik.
6:07 of 2nd period - Snap shot by Griffin Reinhart.
6:07 of 2nd period - Shot Misses the Net.
6:13 of 2nd period - Snap shot by Blake Geoffrion.
6:13 of 2nd period - Deflect By Quinton Howden.
6:13 of 2nd period - Shot Misses the Net.
6:13 of 2nd period - Puck is out of play.
6:14 of 2nd period - Matt Duchene wins face-off versus Michael Grabner in Stars zone.
6:15 of 2nd period - Backhand shot by Mikkel Boedker.
6:15 of 2nd period - Stopped by Matt Murray with a rebound.
6:27 of 2nd period - Snap shot by Jake Guentzel.
6:27 of 2nd period - Shot Misses the Net.
6:29 of 2nd period - Snap shot by Michael Grabner.
6:29 of 2nd period - Goal by Michael Grabner - Panthers : 2 - Stars : 1.
6:30 of 2nd period - Matt Duchene wins face-off versus Sidney Crosby in neutral zone.
7:03 of 2nd period - Snap shot by Miro Aaltonen.
7:03 of 2nd period - Goal by Miro Aaltonen - Panthers : 3 - Stars : 1.
7:04 of 2nd period - Sidney Crosby wins face-off versus Kris Versteeg in neutral zone.
7:15 of 2nd period - Slapshot by Michael Grabner.
7:15 of 2nd period - Stopped by Ville Husso with a rebound.
7:33 of 2nd period - Wrist shot by Jake Guentzel.
7:33 of 2nd period - Shot Blocked by Alex Pietrangelo.
7:47 of 2nd period - Minor Penalty to Boris Valabik for Holding.
7:48 of 2nd period - Matt Duchene wins face-off versus Sidney Crosby in Stars zone.
7:59 of 2nd period - Slapshot by Mikkel Boedker.
7:59 of 2nd period - Stopped by Matt Murray without a rebound.
8:00 of 2nd period - Matt Duchene wins face-off versus Sidney Crosby in Stars zone.
8:09 of 2nd period - Snap shot by Matt Duchene.
8:09 of 2nd period - Stopped by Matt Murray with a rebound.
9:47 of 2nd period - Penalty to Boris Valabik is over, Boris Valabik is back on ice.
10:14 of 2nd period - Wrist shot by Boris Valabik.
10:14 of 2nd period - Deflect By Nikita Tryamkin.
10:14 of 2nd period - Shot Misses the Net.
10:14 of 2nd period - Puck is out of play.
10:15 of 2nd period - Evgeny Kuznetsov wins face-off versus Jordan Staal in Panthers zone.
10:34 of 2nd period - Brian Lee is hit by Alex Pietrangelo and loses puck.
10:43 of 2nd period - Wrist shot by Adam Tambellini.
10:43 of 2nd period - Stopped by Ville Husso with a rebound.
10:59 of 2nd period - Snap shot by Matt Duchene.
10:59 of 2nd period - Shot Misses the Net.
11:01 of 2nd period - Snap shot by Mikkel Boedker.
11:01 of 2nd period - Stopped by Matt Murray without a rebound.
11:02 of 2nd period - Sidney Crosby wins face-off versus Kris Versteeg in Stars zone.
11:02 of 2nd period - Sidney Crosby is hit by Mikkel Boedker.
11:22 of 2nd period - Slapshot by Jake Guentzel.
11:22 of 2nd period - Stopped by Ville Husso without a rebound.
11:23 of 2nd period - Evgeny Grachev wins face-off versus Miro Aaltonen in Panthers zone.
11:24 of 2nd period - Wrist shot by Guillaume Latendresse.
11:24 of 2nd period - Stopped by Ville Husso with a rebound.
11:59 of 2nd period - Slapshot by Matt Duchene.
11:59 of 2nd period - Stopped by Matt Murray without a rebound.
12:00 of 2nd period - Mikkel Boedker wins face-off versus Sidney Crosby in Stars zone.
12:28 of 2nd period - Griffin Reinhart is hit by Paul Ladue and loses puck.
12:55 of 2nd period - Wrist shot by Adam Tambellini.
12:55 of 2nd period - Shot Misses the Net.
12:57 of 2nd period - Slapshot by Brian Lee.
12:57 of 2nd period - Shot Misses the Net.
12:59 of 2nd period - Wrist shot by Henrik Borgstrom.
12:59 of 2nd period - Stopped by Ville Husso without a rebound.
13:00 of 2nd period - Sidney Crosby wins face-off versus Matt Duchene in Panthers zone.
13:45 of 2nd period - Icing by Ryan O'Byrne.
13:46 of 2nd period - Blake Geoffrion wins face-off versus Evgeny Kuznetsov in Panthers zone.
14:52 of 2nd period - Snap shot by Mikkel Boedker.
14:52 of 2nd period - Stopped by Matt Murray with a rebound.
15:42 of 2nd period - Wrist shot by Alex Chiasson.
15:42 of 2nd period - Goal by Alex Chiasson - Panthers : 3 - Stars : 2.
15:43 of 2nd period - Miro Aaltonen wins face-off versus Michael Grabner in neutral zone.
15:46 of 2nd period - Slapshot by Alex Iafallo.
15:46 of 2nd period - Shot Misses the Net.
17:09 of 2nd period - Snap shot by Cam Atkinson.
17:09 of 2nd period - Stopped by Ville Husso without a rebound.
17:10 of 2nd period - Jordan Staal wins face-off versus Evgeny Kuznetsov in Panthers zone.
17:19 of 2nd period - Tyler Wotherspoon is hit by Petr Straka and loses puck.
18:02 of 2nd period - Backhand shot by Tyler Wotherspoon.
18:02 of 2nd period - Stopped by Ville Husso with a rebound.
18:04 of 2nd period - Wrist shot by Guillaume Latendresse.
18:04 of 2nd period - Deflect By Miro Aaltonen.
18:04 of 2nd period - Shot Misses the Net.
18:04 of 2nd period - Puck is out of play.
18:05 of 2nd period - Evgeny Grachev wins face-off versus Miro Aaltonen in Panthers zone.
18:24 of 2nd period - Wrist shot by Alex Chiasson.
18:24 of 2nd period - Shot Misses the Net.
18:26 of 2nd period - Snap shot by Guillaume Latendresse.
18:26 of 2nd period - Goal by Guillaume Latendresse - Panthers : 3 - Stars : 3.
18:27 of 2nd period - Matt Duchene wins face-off versus Sidney Crosby in neutral zone.
18:31 of 2nd period - Snap shot by Kris Versteeg.
18:31 of 2nd period - Stopped by Matt Murray with a rebound.
18:33 of 2nd period - Slapshot by Alex Pietrangelo.
18:33 of 2nd period - Shot Misses the Net.
18:35 of 2nd period - Slapshot by Niklas Hansson.
18:35 of 2nd period - Deflect By Kris Versteeg.
18:35 of 2nd period - Stopped by Matt Murray without a rebound.
18:36 of 2nd period - Michael Grabner wins face-off versus Matt Duchene in Stars zone.
18:36 of 2nd period - Michael Grabner is hit by Kris Versteeg.
19:02 of 2nd period - Snap shot by Jake Guentzel.
19:02 of 2nd period - Stopped by Ville Husso with a rebound.
19:04 of 2nd period - Minor Penalty to Mikkel Boedker for Roughing.
19:05 of 2nd period - Sidney Crosby wins face-off versus Quinton Howden in Panthers zone.
19:10 of 2nd period - Wrist shot by Jake Guentzel.
19:10 of 2nd period - Shot Misses the Net.
19:12 of 2nd period - Slapshot by Boris Valabik.
19:12 of 2nd period - Shot Hit the Post.
19:29 of 2nd period - Icing by Guillaume Latendresse.
19:30 of 2nd period - Evgeny Grachev wins face-off versus Quinton Howden in Stars zone.
19:37 of 2nd period - Quinton Howden is hit by Boris Valabik and loses puck.
Goals for this period are 2 for Panthers vs 3 for Stars.
Shots for this period are 12 for Panthers vs 14 for Stars.
3rd period
0:01 of 3rd period - Sidney Crosby wins face-off versus Quinton Howden in neutral zone.
0:26 of 3rd period - Kris Versteeg is hit by Boris Valabik and loses puck.
0:48 of 3rd period - Icing by Ben Chiarot.
0:49 of 3rd period - Miro Aaltonen wins face-off versus Sidney Crosby in Stars zone.
1:04 of 3rd period - Penalty to Mikkel Boedker is over, Mikkel Boedker is back on ice.
1:08 of 3rd period - Snap shot by Mikkel Boedker.
1:08 of 3rd period - Shot Misses the Net.
1:10 of 3rd period - Slapshot by Dion Phaneuf.
1:10 of 3rd period - Deflect By Mikkel Boedker.
1:10 of 3rd period - Stopped by Matt Murray without a rebound.
1:11 of 3rd period - Matt Duchene wins face-off versus Guillaume Latendresse in Stars zone.
1:56 of 3rd period - Brian Lee is hit by Alex Iafallo and loses puck.
3:15 of 3rd period - Alex Iafallo is hit by Sidney Crosby and loses puck.
3:30 of 3rd period - Anton Cederholm is hit by Petr Straka and loses puck.
3:39 of 3rd period - Snap shot by Petr Straka.
3:39 of 3rd period - Shot Misses the Net.
3:41 of 3rd period - Backhand shot by Nikita Tryamkin.
3:41 of 3rd period - Shot Misses the Net.
4:15 of 3rd period - Quinton Howden is hit by Jake Guentzel and loses puck.
4:22 of 3rd period - Paul Ladue is hit by Ryan O'Byrne and loses puck.
4:37 of 3rd period - Petr Straka is hit by Ben Chiarot and loses puck.
5:13 of 3rd period - Slapshot by Guillaume Latendresse.
5:13 of 3rd period - Stopped by Ville Husso with a rebound.
5:15 of 3rd period - Slapshot by Alex Chiasson.
5:15 of 3rd period - Goal by Alex Chiasson - Panthers : 3 - Stars : 4.
5:16 of 3rd period - Sidney Crosby wins face-off versus Matt Duchene in neutral zone.
5:47 of 3rd period - Wrist shot by Alex Iafallo.
5:47 of 3rd period - Shot Misses the Net.
5:49 of 3rd period - Snap shot by Alex Iafallo.
5:49 of 3rd period - Shot Misses the Net.
7:30 of 3rd period - Miro Aaltonen is hit by Brian Lee and loses puck.
7:35 of 3rd period - Snap shot by Henrik Borgstrom.
7:35 of 3rd period - Shot Misses the Net.
7:41 of 3rd period - Snap shot by Scott Kosmachuck.
7:41 of 3rd period - Stopped by Ville Husso with a rebound.
8:01 of 3rd period - Snap shot by Guillaume Latendresse.
8:01 of 3rd period - Stopped by Ville Husso with a rebound.
9:24 of 3rd period - Slapshot by Alex Pietrangelo.
9:24 of 3rd period - Shot Blocked by Scott Kosmachuck.
9:36 of 3rd period - Wrist shot by Griffin Reinhart.
9:36 of 3rd period - Stopped by Matt Murray without a rebound.
9:37 of 3rd period - Quinton Howden wins face-off versus Evgeny Kuznetsov in Stars zone.
9:38 of 3rd period - Wrist shot by Blake Geoffrion.
9:38 of 3rd period - Shot Misses the Net.
10:00 of 3rd period - Wrist shot by Cam Atkinson.
10:00 of 3rd period - Shot Blocked by Dion Phaneuf.
10:06 of 3rd period - Evgeny Kuznetsov is hit by Jerry D'Amigo and loses puck.
10:15 of 3rd period - Snap shot by Quinton Howden.
10:15 of 3rd period - Stopped by Matt Murray without a rebound.
10:16 of 3rd period - Matt Duchene wins face-off versus Sidney Crosby in Stars zone.
10:53 of 3rd period - Slapshot by Alex Chiasson.
10:53 of 3rd period - Shot Blocked by Ryan O'Byrne.
10:55 of 3rd period - Wrist shot by Alex Chiasson.
10:55 of 3rd period - Shot Misses the Net.
10:57 of 3rd period - Slapshot by Tyler Wotherspoon.
10:57 of 3rd period - Shot Misses the Net.
11:07 of 3rd period - Jordan Staal is hit by Scott Kosmachuck and loses puck.
11:14 of 3rd period - Slapshot by Paul Ladue.
11:14 of 3rd period - Deflect By Henrik Borgstrom.
11:14 of 3rd period - Shot Blocked by Nikita Tryamkin.
11:14 of 3rd period - Puck is out of play.
11:15 of 3rd period - Sidney Crosby wins face-off versus Miro Aaltonen in Panthers zone.
11:22 of 3rd period - Snap shot by Michael Grabner.
11:22 of 3rd period - Stopped by Ville Husso with a rebound.
12:10 of 3rd period - Snap shot by Scott Kosmachuck.
12:10 of 3rd period - Stopped by Ville Husso with a rebound.
12:12 of 3rd period - Slapshot by Boris Valabik.
12:12 of 3rd period - Stopped by Ville Husso with a rebound.
12:33 of 3rd period - Wrist shot by Jerry D'Amigo.
12:33 of 3rd period - Stopped by Matt Murray with a rebound.
12:39 of 3rd period - Snap shot by Blake Geoffrion.
12:39 of 3rd period - Goal by Blake Geoffrion - Panthers : 4 - Stars : 4.
12:40 of 3rd period - Sidney Crosby wins face-off versus Matt Duchene in neutral zone.
13:06 of 3rd period - Miro Aaltonen is hit by Ben Chiarot and loses puck.
13:33 of 3rd period - Snap shot by Blake Geoffrion.
13:33 of 3rd period - Shot Misses the Net.
13:35 of 3rd period - Wrist shot by Blake Geoffrion.
13:35 of 3rd period - Stopped by Matt Murray with a rebound.
13:37 of 3rd period - Slapshot by Dion Phaneuf.
13:37 of 3rd period - Stopped by Matt Murray with a rebound.
14:07 of 3rd period - Evgeny Kuznetsov is hit by Dion Phaneuf.
14:19 of 3rd period - Brian Lee is hit by Dion Phaneuf and loses puck.
14:38 of 3rd period - Alex Pietrangelo is hit by Henrik Borgstrom and loses puck.
15:13 of 3rd period - Icing by Blake Geoffrion.
15:14 of 3rd period - Quinton Howden wins face-off versus Evgeny Grachev in Panthers zone.
15:14 of 3rd period - Quinton Howden is hit by Brian Lee.
15:22 of 3rd period - Slapshot by Alex Pietrangelo.
15:22 of 3rd period - Stopped by Matt Murray without a rebound.
15:23 of 3rd period - Jordan Staal wins face-off versus Evgeny Kuznetsov in Stars zone.
15:24 of 3rd period - Wrist shot by Kirill Kaprizov.
15:24 of 3rd period - Shot Misses the Net.
15:26 of 3rd period - Minor Penalty to Cam Atkinson for Hooking.
15:27 of 3rd period - Matt Duchene wins face-off versus Sidney Crosby in Stars zone.
17:26 of 3rd period - Penalty to Cam Atkinson is over, Cam Atkinson is back on ice.
18:22 of 3rd period - Ryan O'Byrne is hit by Brian Lee and loses puck.
18:39 of 3rd period - Griffin Reinhart is hit by Paul Ladue and loses puck.
19:08 of 3rd period - Matt Duchene is hit by Sidney Crosby and loses puck.
19:34 of 3rd period - Ryan O'Byrne is hit by Michael Grabner and loses puck.
Goals for this period are 1 for Panthers vs 1 for Stars.
Shots for this period are 8 for Panthers vs 7 for Stars.
Overtime #1
0:01 of 1st overtime period - Matt Duchene wins face-off versus Sidney Crosby in neutral zone.
0:10 of 1st overtime period - Slapshot by Kris Versteeg.
0:10 of 1st overtime period - Shot Misses the Net.
0:12 of 1st overtime period - Wrist shot by Kris Versteeg.
0:12 of 1st overtime period - Shot Misses the Net.
0:14 of 1st overtime period - Snap shot by Matt Duchene.
0:14 of 1st overtime period - Shot Misses the Net.
0:16 of 1st overtime period - Wrist shot by Kris Versteeg.
0:16 of 1st overtime period - Shot Misses the Net.
1:04 of 1st overtime period - Off-side.
1:05 of 1st overtime period - Tobias Rieder wins face-off versus Matt Duchene in neutral zone.
1:07 of 1st overtime period - Off-side.
1:08 of 1st overtime period - Matt Duchene wins face-off versus Sidney Crosby in neutral zone.
1:41 of 1st overtime period - Wrist shot by Alex Pietrangelo.
1:41 of 1st overtime period - Stopped by Matt Murray without a rebound.
1:42 of 1st overtime period - Jake Guentzel wins face-off versus Matt Duchene in Stars zone.
2:13 of 1st overtime period - Snap shot by Guillaume Latendresse.
2:13 of 1st overtime period - Shot Misses the Net.
2:15 of 1st overtime period - Snap shot by Jake Guentzel.
2:15 of 1st overtime period - Stopped by Ville Husso with a rebound.
2:17 of 1st overtime period - Slapshot by Boris Valabik.
2:17 of 1st overtime period - Deflect By Jake Guentzel.
2:17 of 1st overtime period - Stopped by Ville Husso without a rebound.
2:18 of 1st overtime period - Jordan Staal wins face-off versus Sidney Crosby in Panthers zone.
2:35 of 1st overtime period - Wrist shot by Sidney Crosby.
2:35 of 1st overtime period - Shot Hit the Post.
4:36 of 1st overtime period - Snap shot by Alex Chiasson.
4:36 of 1st overtime period - Deflect By Evgeny Grachev.
4:36 of 1st overtime period - Shot Misses the Net.
4:36 of 1st overtime period - Puck is out of play.
4:37 of 1st overtime period - Alex Chiasson wins face-off versus Kris Versteeg in Panthers zone.
4:44 of 1st overtime period - Wrist shot by Evgeny Grachev.
4:44 of 1st overtime period - Goal by Evgeny Grachev - Panthers : 4 - Stars : 5.
Goals for this period are 0 for Panthers vs 1 for Stars.
Shots for this period are 1 for Panthers vs 3 for Stars.